 Dungeon Crawl Stone Soup version 0.31-a0-1363-g282adc679d (webtiles) character file.

Game seed: 2543602370399451028

63420 Amplified the Tortoise (level 14, -4/103 (166) HPs)
             Began as a Minotaur Alchemist on Dec 22, 2023.
             Was a High Priest of Hepliaklqana.
             Slain by Rupert
             ... wielding a +0 great mace of draining
              (22 damage)
             ... on level 12 of the Dungeon on Dec 23, 2023.
             The game lasted 00:35:08 (20700 turns).

Amplified the Tortoise (Minotaur Alchemist)        Turns: 20700, Time: 00:35:09

HP:   -4/103 (166)  AC: 27    Str: 22    XL:     14   Next: 68%
MP:   18/20         EV:  2    Int: 12    God:    Hepliaklqana [*****.]
Gold: 567           SH:  0    Dex: 13    Spells: 12/15 levels left

rFire   . . .        n - +2 halberd (vamp)
rCold   . . .        (shield currently unavailable)
rNeg    . . .        v - melded +4 gold dragon scales
rPois   +            (helmet currently unavailable)
rElec   .            N - melded +2 cloak of Absence {rPois Int+4}
rCorr   .            m - melded +2 pair of gloves
SInv    .            S - melded +2 pair of boots {rampage}
Will    ++...        F - amulet of the acrobat
Stlth   ++           B - +6 ring of strength
HPRegen 0.37/turn    e - ring of willpower
MPRegen 0.17/turn

%: acrobat
@: tree-form, very heavily drained
A: stationary, stasis, torment immunity, boosted hp, reduced essence, (horns 2),
(retaliatory headbutt)
a: Renounce Religion, Recall Ancestor, Ancestor Identity, Transference, Idealise


You were on level 12 of the Dungeon.
You worshipped Hepliaklqana.
Hepliaklqana was extremely pleased with you.
You were a tree.
You visited 4 branches of the dungeon, and saw 20 of its levels.
You also visited: Ossuary.

You collected 2221 gold pieces.
You spent 1654 gold pieces at shops.

Inventory:

Hand Weapons
 n - a +2 vampiric halberd (weapon)
Missiles
 l - 43 poisoned darts
 C - 9 curare-tipped darts
Armour
 a - a +0 buckler
 m - a +2 pair of gloves (melded)
 v - +4 gold dragon scales (melded)
 H - a +1 leather armour of fire resistance
 N - the +2 cloak of Absence (melded) {rPois Int+4}
   (You bought it in a shop on level 11 of the Dungeon)

   Int+4:     It affects your intelligence (+4).
   rPois:     It protects you from poison
 S - a +2 pair of boots of rampaging (melded)
Jewellery
 e - a ring of willpower (right branch)
 g - a ring of resist corrosion
 k - an amulet of magic regeneration
 y - a ring of protection from cold
 B - a +6 ring of strength (left branch)
 F - an amulet of the acrobat (around neck)
 M - a ring of see invisible
Wands
 c - a wand of mindburst (20)
 d - a wand of flame (15)
 h - a wand of roots (10)
 p - a wand of polymorph (10)
 R - a wand of digging (1)
Scrolls
 f - 7 scrolls of poison
 i - 3 scrolls of immolation
 q - 10 scrolls of teleportation
 u - a scroll of butterflies
 A - 4 scrolls of silence
 G - 5 scrolls of identify
 K - a scroll of amnesia
 O - 2 scrolls of blinking
 P - a scroll of fear
 Q - 2 scrolls of enchant weapon
Potions
 b - 3 potions of magic
 o - 3 potions of enlightenment
 s - a potion of resistance
 t - 2 potions of attraction
 w - 7 potions of brilliance
 z - 3 potions of lignification
 D - 4 potions of mutation
 I - a potion of curing


   Skills:
 * Level 11.4 Fighting
 - Level 0.7 Maces & Flails
 - Level 16.9 Polearms
 - Level 19.5 Armour
 - Level 4.7 Dodging
 - Level 1.5 Stealth
 - Level 1.3 Spellcasting
 - Level 0.6 Conjurations
 - Level 1.9 Translocations
 - Level 2.1 Alchemy
 * Level 9.8 Invocations


You had 12 spell levels left.
You knew the following spells:

 Your Spells              Type           Power      Damage    Failure   Level
a - Sting                 Conj/Alch      16%        1d4       17%         1
b - Lesser Beckoning      Tloc           10%        N/A       21%         2

Your spell library contained the following spells:

 Spells                   Type           Power      Damage    Failure   Level
 Apportation              Tloc           10%        N/A       13%         1
 Summon Small Mammal      Summ           0%         N/A       28%         1
 Mercury Vapours          Alch/Air       6%         N/A       28%         2
 Static Discharge         Conj/Air       2%         3-4/arc   36%         2
 Gell's Gravitas          Tloc           5%         N/A       36%         3
 Teleport Other           Tloc           5%         N/A       36%         3
 Jinxbite                 Hex            0%         N/A       41%         2
 Mephitic Cloud           Conj/Alch/Air  3%         N/A       52%         3
 Call Canine Familiar     Summ           0%         N/A       65%         3
 Summon Guardian Golem    Hex/Summ       0%         N/A       65%         3
 Olgreb's Toxic Radiance  Alch           6%         N/A       75%         4
 Sticky Flame             Fire/Alch      3%         2d4       88%         4
 Airstrike                Air            0%         2d(0-16)  96%         4
 Anguish                  Hex/Necr       0%         N/A       96%         4
 Cause Fear               Hex            0%         N/A       96%         4
 Summon Lightning Spire   Summ/Air       0%         N/A       96%         4
 Alistair's Intoxication  Alch           4%         N/A       97%         5
 Enfeeble                 Hex            0%         N/A       100%        7


Dungeon Overview and Level Annotations

Branches:
Dungeon (12/15)            Temple (1/1) D:6            Lair (5/5) D:10
 Shoals (0/4) Lair:3       Spider (0/4) Lair:2        Slime (0/5) Lair:4
    Orc (2/2) D:11            Elf (0/3) Orc:2       Ossuary (visited)

Altars:
Ashenzari
Cheibriados
Dithmenos
Elyvilon
Fedhas
Gozag
Hepliaklqana
Kikubaaqudgha
Makhleb
Nemelex Xobeh
Okawaru
Qazlal
Ru
Sif Muna
Trog
Uskayaw
Vehumet
Wu Jian
Xom
Yredelemnul
Zin
The Shining One
Jiyva

Shops:
D:2 ?   D:10 [!   D:11 [:?(:   Orc:2 (*=[

Annotations:
D:12 Rupert
Lair:4 2 transporters, Nomaen's ghost, journeyman GnSh


Innate Abilities, Weirdness & Mutations

You are a tree.
Your roots penetrate the ground, keeping you stationary.
You cannot be teleported.
You are immune to unholy pain and torment.
Your maximum health is greatly increased.
Your equipment is partially melded.
Your life essence is reduced to manifest your ancestor. (-10% HP)
((You have a pair of horns on your head.))
((You reflexively headbutt those who attack you in melee.))


Message History

You feel drained.
Unknown command.
Reach: n) +2 halberd (vamp)
Press: ? - help, Dir - move target, f/p - Rupert
Aim: Rupert, wielding a +0 great mace of draining and wearing a +0 scale mail (severely wounded, berserk, lightly drained, about 29% to evade your +2 vampiric halberd)
You barely miss Rupert.
Rupert is severely wounded.
Rupert hits you with a +0 great mace of draining.
* * * LOW HITPOINT WARNING * * *
You feel drained.
* * * LOW HITPOINT WARNING * * *
Unknown command.
Unknown command.
Reach: n) +2 halberd (vamp)
Press: ? - help, Dir - move target, f/p - Rupert
Aim: Rupert, wielding a +0 great mace of draining and wearing a +0 scale mail (severely wounded, berserk, lightly drained, about 29% to evade your +2 vampiric halberd)
You slash Rupert!
Rupert is almost dead.
Rupert hits you with a +0 great mace of draining.
* * * LOW HITPOINT WARNING * * *
You feel drained.
Unknown command.
Unknown command.
Reach: n) +2 halberd (vamp)
Press: ? - help, Dir - move target, f/p - Rupert
Aim: Rupert, wielding a +0 great mace of draining and wearing a +0 scale mail (almost dead, berserk, lightly drained, about 29% to evade your +2 vampiric halberd)
You closely miss Rupert.
Rupert is almost dead.
Rupert hits you but does no damage.
You feel drained.
Unknown command.
Unknown command.
Unknown command.
Reach: n) +2 halberd (vamp)
Press: ? - help, Dir - move target, f/p - Rupert
Aim: Rupert, wielding a +0 great mace of draining and wearing a +0 scale mail (almost dead, berserk, lightly drained, about 29% to evade your +2 vampiric halberd)
You hit Rupert.
Rupert is almost dead.
Rupert hits you with a +0 great mace of draining!!
You die...
Rupert roars with triumph.

,,,**,*,,,##................>,,,,
,~,,*,,,,,#....##...###...##,,,**
~~~,*,>,,,#....##'#####...#*,,,**
~~~,*,,,,,#................#,,,,<
~~~,*,*,.,##...##..........#,,,,,
,~,,*,*,..####+##.........,#,,,,,
,,,**,,,.......##....###..**,,**,
,,,*,,,,.......##....#####**,,***
*,**,,*,.$.....@♣......#,,,,,,,*
*,*,,,*,..##...##......#,,,,,,,*
,,,,,,*<,,*####*#......#,,,,,,,*
,,,,,**,+***,,,,.......#,,,,,,,*
,,,,,,*,,,**,,,*#...####,,,**,**
*,*,,,<,,,,,,,,*#####***,,,****
*,**,,,,,,**,,,**,,,,,,,,,,,* **
,,,*,,*,,,**,,,**,,,,,,,,,,,****,
,,,**,*,,,>,,,,,*,,,,,,,,,,,,,,,,


You could see Rupert (berserk, drained).

Vanquished Creatures
  A ghost moth (Lair:4)
  An orc warlord (Orc:2)
  Snorg (Lair:2)
  Fannar (Lair:2)
  A hydra (Lair:5)
  A centaur warrior (D:10)
  A two-headed ogre (D:11)
  A catoblepas (Lair:5)
  3 death yaks (Lair:4)
  2 orc high priests (Orc:2)
  2 skysharks
  Lodul (D:11)
  4 orc knights (Orc:2)
  A lindwurm (Lair:4)
  Pikel (D:8)
  4 orc sorcerers
  A black mamba (Lair:3)
  A cyclops (D:12)
  3 kobold blastminers
  A torpor snail (Lair:5)
  A gargoyle (D:10)
  19 cane toads
  An unseen horror (D:10)
  2 rime drakes (Lair:5)
  9 komodo dragons
  A hornet (D:10)
  A meliai (Lair:2)
  4 trolls
  2 polar bears
  3 tyrant leeches (Lair:5)
  20 blink frogs
  A wraith (D:10)
  A shadow (D:9)
  51 yaks
  A wyvern (D:6)
  4 basilisks
  Grum (D:8)
  A steam dragon (D:8)
  5 hogs (Lair:2)
  A warg (Orc:2)
  5 vampire mosquitoes
  12 water moccasins
  3 acid dragons
  2 ice beasts (D:8)
  2 black bears
  23 orc warriors
  9 ogres
  A tengu (D:4)
  6 centaurs
  A phantom (D:7)
  5 wolves
  A lemure (D:8)
  3 kobold brigands
  An elf zombie (D:5)
  18 bullfrogs
  2 scorpions
  3 elf skeletons (D:5)
  6 wights
  An oklob sapling (D:6)
  10 killer bees
  An electric eel (D:10)
  2 howler monkeys
  2 jellies (D:7)
  5 hounds
  A human zombie (D:5)
  20 orc priests
  Crazy Yiuf (D:3)
  3 gnoll boudas
  A sleepcap (D:5)
  Ijyb (D:3)
  Jessica (D:2)
  A hexer (D:11)
  An iguana (D:6)
  21 orc wizards
  8 mummies (Ossuary)
  7 adders
  18 gnolls
  4 shadow imps
  4 white imps
  A bombardier beetle (D:5)
  4 worms
  5 dart slugs
  51 orcs
  2 ball pythons
  2 bats (D:1)
  6 endoplasms
  5 giant cockroaches
  10 goblins
  4 hobgoblins
  7 quokkas
  5 frilled lizards
  5 hobgoblin zombies (Ossuary)
  17 kobolds
  A kobold zombie (Ossuary)
  3 orc skeletons (D:5)
  5 orc zombies
  4 rats
  A spectral orc (D:8)
515 creatures vanquished.

Vanquished Creatures (collateral kills)
  Gastronok (Lair:2)
  Kirke (Lair:3)
  A catoblepas (Lair:5)
  A two-headed ogre (D:11)
  An orc knight (Orc:1)
  An orc sorcerer (Orc:2)
  A manticore (D:11)
  2 black mambas
  A kobold blastminer (Orc:1)
  A torpor snail (Lair:2)
  6 cane toads
  A komodo dragon (Lair:4)
  A troll (Orc:1)
  7 blink frogs
  8 yaks
  A wyvern (Lair:4)
  A basilisk (Lair:1)
  A wraith (D:11)
  A water moccasin (Lair:3)
  6 orc warriors
  A black bear (Lair:1)
  3 ogres (D:11)
  2 wolves (Lair:1)
  7 bullfrogs
  A killer bee (Lair:2)
  An electric eel (Lair:5)
  2 orc wizards (Orc:2)
  8 orcs
69 creatures vanquished.

Vanquished Creatures (others)
  A yak (Lair:5)
  2 ancestors
  13 hexers
16 creatures vanquished.

Grand Total: 600 creatures vanquished

Notes
Turn   | Place    | Note
-------+----------+-------------------------------------------
     0 | D:1      | Amplified the Minotaur Alchemist began the quest for the
                  | Orb.
     0 | D:1      | Reached XP level 1. HP: 14/14 MP: 1/1
    66 | D:1      | Reached skill level 1 in Fighting
    66 | D:1      | Reached skill level 1 in Armour
   126 | D:1      | Reached XP level 2. HP: 23/23 MP: 3/3
   411 | D:1      | Reached skill level 2 in Armour
   708 | D:1      | Reached XP level 3. HP: 19/29 MP: 4/4
   854 | D:2      | Found Culonnaj's Magic Scroll Boutique.
   863 | D:2      | Noticed Jessica
   876 | D:2      | Killed Jessica
   877 | D:2      | Reached skill level 3 in Armour
   877 | D:2      | Reached XP level 4. HP: 38/38 MP: 5/5
  1361 | D:2      | Learned a level 2 spell: Lesser Beckoning
  1925 | D:2      | Reached XP level 5. HP: 22/45 MP: 6/6
  2048 | D:2      | Reached skill level 1 in Polearms
  2155 | D:3      | Noticed Ijyb
  2167 | D:3      | Killed Ijyb
  2168 | D:3      | Reached skill level 1 in Translocations
  2263 | D:3      | Reached skill level 4 in Armour
  2398 | D:3      | Found a sacrificial altar of Ru.
  2434 | D:3      | Found a blossoming altar of Fedhas.
  2555 | D:3      | You fall into a shaft and drop 3 floors!
  2558 | D:5      | Entered Level 5 of the Dungeon
  2563 | D:5      | Noticed an acid dragon
  2609 | D:4      | Reached XP level 6. HP: 30/52 MP: 7/7
  2686 | D:5      | Found a glowing silver altar of Zin.
  2834 | D:5      | Found a sand-covered staircase.
  2930 | Ossuary  | Entered an ossuary
  2973 | Ossuary  | Reached XP level 7. HP: 60/60 MP: 8/8
  3386 | D:5      | Reached skill level 5 in Polearms
  3783 | D:5      | Reached XP level 8. HP: 59/67 MP: 9/9
  3936 | D:4      | Found a transporter.
  3950 | D:4      | Found a transporter.
  4009 | D:4      | Found a shadowy altar of Dithmenos.
  4690 | D:3      | Found a runed translucent door.
  4691 | D:3      | Noticed Crazy Yiuf
  4697 | D:3      | Killed Crazy Yiuf
  5460 | D:7      | Reached skill level 10 in Polearms
  6249 | D:8      | Reached XP level 9. HP: 73/73 MP: 10/10
  6343 | D:8      | Noticed Grum
  6371 | D:8      | Killed Grum
  6564 | D:8      | Found the +7 mace of Variability {chaos, chaos arc}
  7216 | D:8      | Found a basalt altar of Yredelemnul.
  7361 | D:9      | Noticed a cyclops
  7366 | D:9      | Noticed a cyclops
  7366 | D:9      | Noticed a tengu warrior
  7785 | D:6      | Found a staircase to the Ecumenical Temple.
  7821 | Temple   | Entered the Ecumenical Temple
  7834 | Temple   | Became a worshipper of Hepliaklqana the Forgotten
  8006 | D:9      | Noticed Pikel
  8026 | D:8      | Killed Pikel
  8320 | D:5      | Found an ornate altar of the Wu Jian Council.
  8471 | D:5      | Reached XP level 10. HP: 63/80 MP: 11/11
  8951 | D:8      | Reached skill level 15 in Polearms
  9239 | D:9      | Found an ancient bone altar of Kikubaaqudgha.
  9648 | D:10     | Entered Level 10 of the Dungeon
  9671 | D:10     | Found Yxoig's Distillery.
  9679 | D:10     | Bought a potion of might for 44 gold pieces
  9679 | D:10     | Bought a potion of brilliance for 44 gold pieces
  9679 | D:10     | Bought a potion of invisibility for 88 gold pieces
  9679 | D:10     | Bought 2 potions of lignification for 66 gold pieces
  9679 | D:10     | Bought a potion of haste for 110 gold pieces
  9679 | D:10     | Bought a potion of heal wounds for 55 gold pieces
  9679 | D:10     | Bought a potion of enlightenment for 55 gold pieces
  9686 | D:10     | Bought a potion of degeneration for 11 gold pieces
  9698 | D:10     | Found Rackuew's Armour Boutique.
  9706 | D:10     | Noticed Sonja
  9708 | D:10     | Sonja changed into Sonja the black bear
  9708 | D:10     | Noticed Sonja
  9712 | D:10     | Killed Sonja the black bear
  9843 | D:10     | Reached skill level 5 in Fighting
  9843 | D:10     | Reached skill level 5 in Armour
  9847 | D:10     | Reached skill level 1 in Invocations
 10343 | D:10     | Bought a +0 pair of boots for 49 gold pieces
 10437 | D:10     | Paralysed by a hornet for 2 turns
 10618 | D:10     | Noticed a centaur warrior
 10632 | D:10     | Killed a centaur warrior
 10633 | D:10     | Reached XP level 11. HP: 50/89 MP: 12/12
 10763 | D:10     | Reached * piety under Hepliaklqana
 10860 | D:10     | Found a staircase to the Lair.
 10871 | D:10     | Found a shimmering altar of Xom.
 10904 | D:10     | Reached skill level 6 in Armour
 11743 | D:11     | Identified the +6 short sword "Teigeul" {heavy, +Blink rF+
                  | Will+}
 11788 | D:11     | Found Zuseq's Antique Weapon Shoppe.
 11832 | D:11     | Found Ropupux's Armour Shop.
 11866 | D:11     | Found a staircase to the Orcish Mines.
 12134 | D:11     | Reached ** piety under Hepliaklqana
 12135 | D:11     | Remembered your ancestor Amenemopet as a hexer
 12202 | D:11     | Noticed Lodul
 12218 | D:11     | Killed Lodul
 12223 | D:11     | Reached skill level 5 in Invocations
 12308 | D:11     | Found Dec Wet's Book Shoppe.
 12533 | D:11     | Found Goron's Magic Scroll Shoppe.
 12601 | D:11     | Noticed a two-headed ogre
 12610 | D:11     | Noticed a two-headed ogre
 12646 | D:11     | Killed a two-headed ogre
 12647 | D:11     | Reached skill level 7 in Armour
 12712 | D:9      | Noticed a boulder beetle
 12743 | Lair:1   | Entered Level 1 of the Lair of Beasts
 12854 | D:11     | Killed a two-headed ogre
 13051 | D:11     | Bought a scroll of enchant armour for 112 gold pieces
 13325 | D:11     | Found Osoustrar's Book Shop.
 13511 | Lair:1   | Reached skill level 8 in Armour
 13772 | Lair:1   | Reached XP level 12. HP: 91/91 MP: 16/16
 13945 | Lair:1   | Reached *** piety under Hepliaklqana
 14190 | Lair:2   | Noticed Gastronok
 14204 | Lair:2   | Killed Gastronok
 14205 | Lair:2   | Reached skill level 9 in Armour
 14644 | Lair:2   | Reached skill level 10 in Fighting
 14722 | Lair:2   | Reached skill level 10 in Armour
 14833 | Lair:2   | Found a hole to the Spider Nest.
 14859 | Lair:2   | Reached **** piety under Hepliaklqana
 15056 | D:11     | Bought the +2 cloak of Absence {rPois Int+4} for 443 gold
                  | pieces
 15204 | Lair:3   | Noticed Snorg
 15204 | Lair:3   | Noticed Kirke
 15246 | Lair:3   | Noticed Fannar
 15286 | Lair:2   | Upgraded the game from 0.31-a0-1343-gcd514f47d3 to
                  | 0.31-a0-1363-g282adc679d
 15299 | Lair:2   | Killed Fannar
 15342 | Lair:2   | Killed Snorg
 15384 | Lair:3   | Found a staircase to the Shoals.
 15406 | Lair:3   | Reached skill level 11 in Armour
 15406 | Lair:3   | Reached XP level 13. HP: 104/104 MP: 19/19
 15532 | Lair:3   | Killed Kirke
 16348 | Lair:4   | Found a transporter.
 16351 | Lair:4   | Found a transporter.
 16352 | Lair:4   | Noticed Nomaen's ghost (journeyman GnSh)
 16469 | Lair:4   | Found a viscous altar of Jiyva.
 16470 | Lair:4   | Found a staircase to the Slime Pits.
 16481 | Lair:4   | Reached skill level 12 in Armour
 16536 | Lair:5   | Entered Level 5 of the Lair of Beasts
 16576 | Lair:4   | Reached ***** piety under Hepliaklqana
 16833 | Lair:4   | Killed a ghost moth
 16834 | Lair:4   | Reached skill level 13 in Armour
 17307 | Lair:5   | Reached skill level 14 in Armour
 17624 | Lair:5   | Reached skill level 15 in Armour
 17780 | Lair:5   | Reached skill level 16 in Armour
 17865 | Lair:5   | Reached XP level 14. HP: 111/111 MP: 20/20
 18073 | Lair:5   | Reached skill level 17 in Armour
 18215 | Lair:5   | Identified the staff of Ekhlodwe {rF+ Hexes Earth}
 18234 | Lair:5   | Identified the +1 flail of the Moth {drain, rN+ SInv}
 18820 | Orc:1    | Entered Level 1 of the Orcish Mines
 18910 | Orc:1    | Found Fopima's Magic Scroll Shoppe.
 18997 | Orc:1    | Reached skill level 18 in Armour
 19285 | Orc:2    | Entered Level 2 of the Orcish Mines
 19285 | Orc:2    | Found a staircase to the Elven Halls.
 19688 | Orc:2    | Noticed an orc warlord
 19790 | Orc:2    | Killed an orc warlord
 19833 | Orc:2    | Reached skill level 19 in Armour
 20042 | Orc:2    | Found Disim's Antique Armour Shop.
 20048 | Orc:2    | Found Neim's Jewellery Shop.
 20421 | Orc:2    | Found Syuxt's Antique Weapon Shop.
 20469 | Orc:2    | Found Sucicru's General Store.
 20522 | Orc:1    | Bought a scroll of identify for 20 gold pieces
 20522 | Orc:1    | Bought a scroll of revelation for 75 gold pieces
 20522 | Orc:1    | Bought a scroll of teleportation for 30 gold pieces
 20522 | Orc:1    | Bought a scroll of teleportation for 30 gold pieces
 20522 | Orc:1    | Bought a scroll of blinking for 75 gold pieces
 20522 | Orc:1    | Bought a scroll of enchant weapon for 75 gold pieces
 20522 | Orc:1    | Bought a scroll of blinking for 75 gold pieces
 20522 | Orc:1    | Bought a scroll of fear for 40 gold pieces
 20560 | Orc:2    | Bought a pair of glowing boots for 157 gold pieces
 20679 | D:12     | Noticed Rupert
 20700 | D:12     | Slain by Rupert

Illustrated notes

Levels and vault maps discovered:
D:1:      dpeg_arrival_shrine, layout_basic
D:2:      layout_basic, serial_shops, shop, item_on_display_a, uniq_jessica
D:3:      layout_rooms, lemuel_round_altar, fedhas_altar_2, serial_bayou_ford_a,
          uniq_crazy_yiuf_cottage, uniq_ijyb
D:4:      gammafunk_wand_slinger, layout_loops_ring,
          nicolae_dithmenos_the_darkroom, minmay_fractal_squares_diagonal_5
D:5:      layout_basic, mainiacjoe_overflow_small_starburst,
          mainiacjoe_overflow_chevrons, nicolae_ossuary_entry_catacombs
D:6:      layout_cave_pools, minmay_temple_entry_oklob
D:7:      layout_basic
D:8:      layout_layer_cave, yredelemnul_forgotten_temple_becter, uniq_grum
D:9:      cheibrodos_elevator_heist, layout_cave_pools, kiku_gazebo_pond_becter,
          uniq_pikel
D:10:     layout_irregular_city, xom_confusion_cloud, lair_entry_dummy,
          serial_shops, nicolae_shop_waterfront, shop, uniq_sonja
D:11:     layout_layer_cave, david_orc_2, serial_shops,
          nicolae_shop_back_alley_shop, nicolae_shop_rolled_up,
          nicolae_shop_peninsula, nicolae_diamond_shop, nicolae_shop_peninsula,
          nicolae_houndstooth_variations, uniq_lodul
D:12:     evilmike_library_of_no_secrets, layout_gridville,
          gauntlet_entry_generic, portal_ice_cave_entry_ice_simulacra,
          minmay_fire_ice_demons, uniq_psyche, uniq_rupert
Temple:   nicolae_temple_bog_church
Lair:1:   layout_big_grid, nicolae_volcano_entry_hallway, columned_hall_lemuel,
          st_stairs_6, beast_lair_carwin_9
Lair:2:   layout_cellular_growth, hellmonk_spider_entry_not_the_bees,
          uniq_gastronok
Lair:3:   layout_chaotic_city, minmay_shoals_entry_centaurs, grunt_megastairs_4,
          infiniplex_staircase_pool_2, uniq_snorg, uniq_fannar, uniq_kirke
Lair:4:   beast_lair_carwin_large_3, layout_long_grid, slime_entry_1,
          serial_rivers, chequers_serial_rivers_marsh,
          chequers_serial_rivers_small_b, chequers_serial_rivers_room_b,
          chequers_serial_rivers_micro_a, chequers_serial_rivers_room_a,
          chequers_serial_rivers_micro_a, gammafunk_ghost_hive
Lair:5:   minmay_lair_end_frog_pond, layout_regular_city
Orc:1:    layout_caves, serial_shops, shop
Orc:2:    grunt_orc_cross, layout_caves

Skill      XL: |  1  2  3  4  5  6  7  8  9 10 11 12 13 14 |
---------------+-------------------------------------------+-----
Fighting       | 1 2 3 4 5 8 11 | 11.4
Armour         | 1 2 3 4 5 8 11 16 19 | 19.5
Polearms       | 2 3 7 11 14 16 | 16.9
Translocations | 1 |  1.9
Invocations    | 2 7 9 |  9.8
Dodging        | 3 4 |  4.7
Maces & Flails | |  0.7
Stealth        | |  1.5
Spellcasting   | |  1.3
Conjurations   | |  0.6
Alchemy        | |  2.1

Action                     |  1- 3 |  4- 6 |  7- 9 | 10-12 | 13-15 || total
---------------------------+-------+-------+-------+-------+-------++-------
  Melee: Unarmed           |    11 |       |       |       |     2 ||    13
         Headbutt          |     8 |    21 |    51 |   113 |   139 ||   332
         Dagger            |    27 |       |       |       |       ||    27
         Punch             |     2 |       |       |       |       ||     2
         Whip              |    22 |    32 |       |       |       ||    54
         Halberd           |       |   138 |   400 |   622 |   829 ||  1989
   Cast: Sting             |     2 |     7 |       |       |       ||     9
 Invoke: Recall Ancestor   |       |       |       |     1 |     4 ||     5
         Ancestor Life: He |       |       |       |     1 |       ||     1
         Ancestor Identity |       |       |       |     1 |       ||     1
         Idealise          |       |       |       |       |     2 ||     2
  Evoke: Wand              |       |     3 |     5 |     8 |     8 ||    24
    Use: Potion            |     1 |     3 |     7 |     8 |     5 ||    24
         Scroll            |       |     9 |     7 |    12 |     9 ||    37
   Stab: Sleeping          |     5 |     4 |     6 |       |       ||    15
         Distracted        |       |     1 |       |     9 |    12 ||    22
         Confused          |       |       |       |     4 |    19 ||    23
         Invisible         |       |       |       |     1 |       ||     1
         Petrifying        |       |       |       |       |     2 ||     2
 Armour: Robe              |    25 |   103 |    61 |       |       ||   189
         Ring mail         |       |       |    71 |       |       ||    71
         Leather armour    |       |       |   118 |   165 |       ||   283
         Gold dragon scale |       |       |       |   237 |   523 ||   760
         Skin              |       |       |       |       |    16 ||    16
  Dodge: Dodged            |    34 |    87 |   183 |   198 |   230 ||   732

Table legend: (Time is in decaauts)
 A = Elapsed time spent in this place.
 B = Non-inter-level travel time spent in this place.
 C = Inter-level travel time spent in this place.
 D = Time resting spent in this place.
 E = Time spent auto-exploring this place.
 F = Levels seen in this place.
 G = Mean time per level.
                   A        B        C        D        E       F      G
               +--------+--------+--------+--------+--------+-----+--------+
         Total |  20343 |  18612 |   1731 |   2741 |  11494 |  21 |  968.7 |
       Dungeon |  13057 |  11839 |   1218 |   2370 |   7061 |  12 | 1088.1 |
        Temple |     27 |     15 |     12 |      0 |      0 |   1 |   27.0 |
          Lair |   5117 |   4790 |    327 |    185 |   3416 |   5 | 1023.4 |
  Orcish Mines |   1710 |   1537 |    173 |     38 |    910 |   2 |  855.0 |
       Ossuary |    431 |    431 |      0 |    147 |    106 |   1 |  431.0 |
               +--------+--------+--------+--------+--------+-----+--------+

Top non-repeatable levels by time:
    D:11: 1686 daAuts
     D:8: 1656 daAuts
    D:10: 1523 daAuts
  Lair:4: 1354 daAuts
     D:2: 1350 daAuts
   Orc:2: 1192 daAuts
     D:5: 1159 daAuts
     D:9: 1121 daAuts
  Lair:5: 1101 daAuts
     D:4: 1065 daAuts
  Lair:2: 988 daAuts
     D:6: 956 daAuts
     D:7: 949 daAuts
  Lair:3: 848 daAuts
  Lair:1: 824 daAuts
